[Event "TUR-ch Veterans 2020"]
[Site "Antalya-Belek"]
[Date "2020.01.23"]
[Round "7"]
[White "Muratoglu, Salih"]
[Black "Ozmen, Halil Nejat"]
[Result "0-1"]
[ECO "D37"]
[WhiteElo "1967"]
[BlackElo "1789"]
[Annotator "NA RC"]
[PlyCount "94"]
[EventDate "2020.01.19"]
[EventCountry "TUR"]
[SourceTitle "playchess.com"]
[Source "ChessBase"]
[SourceQuality "1"]
[TimeControl "5400+30"]

1. d4 d5 2. c4 c6 3. Nc3 Nf6 4. Bf4 e6 5. e3 Be7 6. Nf3 O-O 7. Bd3 dxc4 8. Bxc4 b5 {[%emt 0:00:30] D37: Queen's Gambit Declined: 5 Bf4} 9. Bd3 a6 10. Rc1 Nbd7 11. O-O Bb7 12. e4 (12. Ne4 Nxe4 13. Bxe4 Qb6 14. Ne5 Nxe5 15. Bxe5 Rac8 16. Qg4 {½-½ (30) Pilaj,H (2354)-Frosch,R (2302) Austria 2018}) 12... c5 13. e5 Nd5 14. Nxd5 Bxd5 15. dxc5 Bxf3 $146 ({Predecessor:} 15... Nxc5 16. Nd4 Nxd3 17. Qxd3 Bc4 18. Rxc4 bxc4 19. Qxc4 {0-1 (34) Kaasen,T-Reveco Toledo,L (1590) Al Ain 2013}) 16. Qxf3 Nxc5 17. Bb1 Rc8 (17... Qd4 $11 {remains equal.}) 18. Rfd1 Qb6 $2 (18... Qa5 $16) 19. Rc3 Rfd8 20. Rdc1 Qb8 $2 (20... b4 $11 21. Rc4 Qb8) 21. Qg4 g6 (21... Na4 $5 22. Rxc8 Rxc8 $11) 22. Bc2 (22. h4 $11) 22... Nd7 23. Qg3 Rxc3 24. Qxc3 Nb6 $11 25. Bg3 Bg5 26. f4 Nd5 27. Qf3 Be7 28. Bb3 a5 29. a3 a4 30. Ba2 b4 31. axb4 Qxb4 32. Qf2 Nb6 33. Bh4 Bxh4 34. Qxh4 Qd4+ 35. Qf2 Qxf2+ 36. Kxf2 Rd2+ 37. Kf3 Rxb2 38. Rb1 a3 39. Ra1 h5 40. h3 h4 41. g3 hxg3 42. Kxg3 Kg7 43. h4 Rc2 44. Kg4 Rc3 45. Rb1 Nc4 46. Rb7 Ne3+ 47. Kf3 Nf5+ 0-1

[Event "TUR-ch Veterans 2020"]
[Site "Antalya-Belek"]
[Date "2020.01.23"]
[Round "7"]
[White "Tozaki, Halil"]
[Black "Akinci, Ahmet"]
[Result "1-0"]
[ECO "E16"]
[WhiteElo "1880"]
[BlackElo "1355"]
[Annotator "NA RC"]
[PlyCount "145"]
[EventDate "2020.01.19"]
[EventCountry "TUR"]
[SourceTitle "playchess.com"]
[Source "ChessBase"]
[SourceQuality "1"]
[TimeControl "5400+30"]

1. d4 Nf6 2. Nf3 e6 3. c4 b6 4. g3 Bb7 5. Bg2 c5 6. d5 exd5 7. Nh4 Nc6 {[%emt 0:01:30] E16: Queen's Indian: 4 g3 Bb7 5 Bg2 Bb4+} (7... g6 8. O-O Bg7 9. Nc3 O-O 10. cxd5 d6 11. Nf3 Na6 12. e4 Nc7 13. a4 a6 14. Re1 b5 15. a5 Re8 16. Nd2 Ra7 17. Ra2 Bc8 18. b3 h5 {1-0 (84) Korobov,A (2713)-Socko,B (2657) Warsaw 2013}) 8. cxd5 Nb4 9. Nc3 Bd6 $146 ({Predecessor:} 9... d6 10. O-O Be7 11. a3 Na6 12. e4 O-O 13. Nf5 Bc8 14. Ne3 Nc7 15. f4 {1-0 (30) Arruda,L (1945)-Schwab,F (2080) Rio de Janeiro 2012}) 10. a3 Na6 11. Nf5 Bf8 12. O-O (12. Nb5 $142) 12... d6 13. e4 g6 14. Ne3 (14. Re1 $18 Nd7 15. Qa4) 14... Qd7 $2 (14... Bg7 $16 15. Qa4+ Kf8) 15. Nc4 O-O-O 16. e5 Qg4 17. Qxg4+ ({Weaker is} 17. exf6 Qxc4 18. Re1 Qd4 $18) 17... Nxg4 18. Bh3 h5 19. f3 dxe5 20. fxg4 hxg4 21. Bg2 f5 22. Nxe5 Rg8 $18 23. Bg5 Re8 24. Rae1 Bg7 25. Nc6 Bxc6 26. dxc6 Nc7 27. Rxe8+ Rxe8 28. a4 a6 29. Bc1 b5 30. axb5 axb5 31. Nd5 Na6 32. b3 Nb8 33. Nf4 g5 34. Nd3 c4 35. bxc4 bxc4 36. Nb4 Bc3 37. c7 Bd4+ 38. Kh1 Kxc7 39. Bxg5 Kd6 40. Nc2 Bc5 41. Rxf5 Re2 42. Bf4+ Ke6 43. Rxc5 Rxc2 44. Bd5+ Kd7 45. Rxc4 Rb2 46. Rc1 Ke7 47. Re1+ Kd7 48. Be6+ Kd8 49. Bxg4 Nc6 50. Rd1+ Ke7 51. Bg5+ Kf7 52. Bh5+ Ke6 53. Re1+ Kf5 54. Bf4 Kf6 55. Bf3 Rc2 56. Bxc6 Rxc6 57. Re2 Kf5 58. Kg2 Ra6 59. Re5+ Kf6 60. h4 Kg6 61. Kh3 Ra8 62. Kg4 Rg8 63. Rg5+ Kh7 64. Rxg8 Kxg8 65. Kg5 Kh7 66. h5 Kg7 67. Kf5 Kh7 68. g4 Kg7 69. g5 Kf7 70. Be5 Kg8 71. g6 Kf8 72. h6 Ke7 73. h7 1-0

[Event "TUR-ch Veterans 2020"]
[Site "Antalya-Belek"]
[Date "2020.01.23"]
[Round "7"]
[White "Tasan, Mehmet Askin"]
[Black "Akcun, Fayik"]
[Result "1-0"]
[ECO "D79"]
[WhiteElo "1877"]
[BlackElo "1671"]
[Annotator "NA RC"]
[PlyCount "59"]
[EventDate "2020.01.19"]
[EventCountry "TUR"]
[SourceTitle "playchess.com"]
[Source "ChessBase"]
[SourceQuality "1"]
[TimeControl "5400+30"]

1. Nf3 Nf6 2. g3 g6 3. Bg2 Bg7 4. d4 d5 5. O-O O-O 6. c4 c6 7. Nc3 Nbd7 (7... dxc4 $11 8. e4 b5) 8. cxd5 cxd5 9. Bf4 a6 10. Rc1 Nb6 11. h3 Nc4 12. Ne5 Nxb2 13. Qb3 Nc4 $1 14. Nxc4 dxc4 15. Qxc4 Nh5 ({Better is} 15... Be6 $14 16. d5 Bd7) 16. Be3 Be6 17. Qb4 a5 $16 18. Qxb7 Rb8 19. Qa6 Rb2 20. d5 Bc8 21. Qc4 Rb4 22. Qc5 Ba6 23. Qa7 Bc8 24. Bc5 Rb7 25. Qa8 Qc7 26. d6 exd6 27. Nd5 Qd8 28. Bb6 Rxb6 29. Rxc8 Rb8 30. Qxb8 1-0

[Event "TUR-ch Veterans 2020"]
[Site "Antalya-Belek"]
[Date "2020.01.23"]
[Round "7"]
[White "Ozveren, Ali Bulent"]
[Black "Ozates, Veysel"]
[Result "0-1"]
[ECO "D15"]
[WhiteElo "1850"]
[BlackElo "1617"]
[Annotator "NA RC"]
[PlyCount "76"]
[EventDate "2020.01.19"]
[EventCountry "TUR"]
[SourceTitle "playchess.com"]
[Source "ChessBase"]
[SourceQuality "1"]
[TimeControl "5400+30"]

1. Nf3 ({Predecessor:} 1. d4 Nf6 2. c4 e6 3. g3 c6 4. Nf3 d5 5. Bg2 dxc4 6. O-O b5 7. Ne5 Bb7 8. Nc3 {½-½ (40) Cuevas Rodriguez,M (2240)-Sulistya,M (2190) Moscow 1994}) 1... d5 2. d4 Nf6 3. c4 c6 4. Nc3 dxc4 5. Ne5 b5 6. g3 Bb7 7. Bg2 Qc7 $146 {[%emt 0:01:30] D15: Slav Defence: 4 Nc3 a6 and gambit lines after 4 Nc3 dxc4} (7... a6 8. O-O e6 9. a4 Nd5 10. e4 Nxc3 11. bxc3 Nd7 12. Bf4 Be7 13. Qg4 g6 14. Nxd7 Qxd7 15. Bh6 f6 16. axb5 cxb5 17. Rfe1 e5 18. Qxd7+ Kxd7 19. dxe5 fxe5 {½-½ (51) Kortschnoj,V (2602)-Wang,Y (2704) Amsterdam 2008}) 8. O-O e6 9. a4 a6 10. axb5 (10. Bf4 $1 $14 Qc8 11. e3) 10... cxb5 11. Nxb5 axb5 12. Rxa8 Bxg2 {[%emt 0:01:30] [#]} 13. Rxb8+ $1 Qxb8 14. Kxg2 {[%emt 0:00:30] [#]} Bd6 $1 15. Bf4 O-O 16. f3 Qc7 ({Black should try} 16... Nd5 $17 17. Qc1 (17. Nd7 $2 Bxf4 18. Qa1 Qe8 $19) 17... Qb6) 17. Qd2 Nd5 18. e4 $2 (18. Rc1 $17 {keeps fighting.}) 18... Nxf4+ 19. gxf4 f6 20. Ng4 Bxf4 21. Qc2 h5 22. Nf2 Bxh2 23. e5 Bf4 24. exf6 Rxf6 25. Ne4 $19 (25. Ra1) 25... Rg6+ 26. Kf2 Qd8 27. Qd1 Qh4+ 28. Ke2 Rg2+ 29. Rf2 Rxf2+ 30. Nxf2 Qh2 31. Qa1 Bg3 32. Qa8+ Kh7 33. Qe4+ g6 34. Qb7+ Kh6 35. Qxb5 Qxf2+ 36. Kd1 Qxd4+ 37. Kc1 Bf4+ 38. Kb1 Qd1+ 0-1

[Event "TUR-ch Veterans 2020"]
[Site "Antalya-Belek"]
[Date "2020.01.23"]
[Round "7"]
[White "Karadag, Eflatun Cem"]
[Black "Buker, Muhittin"]
[Result "1/2-1/2"]
[ECO "C56"]
[WhiteElo "1801"]
[BlackElo "2008"]
[Annotator "NA RC"]
[PlyCount "165"]
[EventDate "2020.01.19"]
[EventCountry "TUR"]
[SourceTitle "playchess.com"]
[Source "ChessBase"]
[SourceQuality "1"]
[TimeControl "5400+30"]

1. e4 e5 2. d4 exd4 3. Nf3 Nc6 4. Bc4 Nf6 5. e5 d5 6. Bb5 Ne4 7. Nxd4 Bd7 8. Bxc6 bxc6 9. O-O c5 10. Nb3 {[%emt 0:04:30] C56: Two Knights: 4 d4 exd4 5 0-0 Nxe4} (10. Ne2 Bc6 11. f3 Ng5 12. f4 Ne4 13. Nbc3 f5 14. Nxe4 fxe4 15. f5 Qe7 16. Bf4 O-O-O 17. Qd2 d4 {0-1 (35) Pert,N (2570)-Howell,D (2663) Bournemouth 2016}) 10... Bc6 (10... c6 $14) 11. N1d2 $2 ({White should play} 11. Na5 $18) 11... Nxd2 $146 ({Predecessor:} 11... Ng5 12. f4 Ne6 13. f5 Ng5 14. e6 Be7 15. h4 Ne4 16. exf7+ Kf8 17. Nxe4 dxe4 {1-0 (29) Medina Masdeu,R (1923)-Serra Canals,O (1775) Salobrena 2012}) 12. Bxd2 Rb8 13. c3 Be7 14. Be3 d4 15. cxd4 Qd5 $1 16. Qg4 h5 (16... f5 $11 17. Qf3 (17. Qxg7 $2 Rg8 $19) 17... Qxf3 18. gxf3 Bxf3) 17. Qxg7 Kd7 {[%emt 0:01:30] [#]} 18. Qg3 $2 ({But not} 18. Nxc5+ $2 Bxc5 19. f3 Be7 $19) (18. e6+ $1 $16 {and life is bright.} Kxe6 19. f3 (19. dxc5 $2 Rbg8 $19) (19. Nxc5+ $2 Bxc5 20. Qe5+ Qxe5 $19)) 18... Rhg8 19. Qh3+ {[%emt 0:00:00] Double Attack} Kd8 20. f3 c4 21. Nd2 (21. Nc5 $16) 21... Rxb2 22. Rf2 c3 23. Nf1 h4 24. Qf5 Qc4 25. Rb1 Qxa2 26. Rbxb2 cxb2 27. Qc2 Bxf3 28. Qxb2 Qxb2 29. Rxb2 Kc8 30. g3 h3 31. Kf2 Bb7 32. Ra2 a6 33. Bf4 Rd8 34. Ke3 c5 35. Rc2 Rxd4 36. Nd2 Bd5 37. Nf3 Re4+ 38. Kf2 Ra4 39. Ng5 Kd7 40. Nxh3 Ra1 41. Bg5 Bf8 42. Nf4 Ra2 43. Rxa2 Bxa2 44. Ke3 a5 45. Kd3 Bb1+ 46. Kc3 a4 47. Kb2 Be4 48. Ne2 Ke6 49. Bf6 Bc6 50. g4 $1 Kd5 51. Nc3+ Kc4 52. g5 Kd3 {[%emt 0:00:23] [#]} 53. e6 $1 {[%emt 0:00:37] [#]} fxe6 $2 (53... a3+ $1 $11 54. Kxa3 Be8) 54. g6 Kc4 55. g7 Bxg7 56. Bxg7 Kb4 57. h4 Be8 58. Na2+ Kc4 59. Ka3 Kd5 60. Nc3+ Kc4 61. Nxa4 Kd5 62. Nc3+ Kc4 63. Kb2 Bg6 64. Kc1 Kd3 65. Kd1 Bh5+ 66. Ke1 Ke3 67. Nd1+ Kf3 68. Kd2 Kf4 69. Ne3 e5 70. Bh6+ Kf3 71. Kd3 Bf7 72. Kc3 Ke4 73. Nc4 Bh5 74. Bg7 Be2 75. Nxe5 Kd5 76. Kd2 Bh5 77. Ke3 c4 78. Nd7 Ke6 79. Nb6 Kf5 80. Nxc4 Kg4 81. Bf6 Be8 82. Ne5+ $18 Kf5 83. Kd4 1/2-1/2

[Event "TUR-ch Veterans 2020"]
[Site "Antalya-Belek"]
[Date "2020.01.23"]
[Round "7"]
[White "Bagci, Hikmet"]
[Black "Buyukgokcesu, Tahir Sami"]
[Result "1-0"]
[ECO "B33"]
[WhiteElo "1603"]
[BlackElo "1618"]
[Annotator "NA RC"]
[PlyCount "65"]
[EventDate "2020.01.19"]
[EventCountry "TUR"]
[SourceTitle "playchess.com"]
[Source "ChessBase"]
[SourceQuality "1"]
[TimeControl "5400+30"]

1. e4 c5 2. Nf3 Nc6 3. d4 cxd4 4. Nxd4 Nf6 5. Nc3 e5 6. Ndb5 d6 7. Bg5 a6 8. Na3 Be7 9. Bxf6 gxf6 10. Nd5 b5 11. c3 Be6 12. Nc2 f5 13. exf5 Bxf5 14. Nce3 Be6 15. Bd3 Rc8 16. a4 Rb8 17. axb5 axb5 18. b4 Bg5 19. Qe2 Bxe3 20. Nxe3 Qb6 21. O-O d5 22. Bf5 Ke7 23. Qh5 Rbg8 24. Rfd1 d4 25. Bxe6 fxe6 26. Ng4 Kd6 27. cxd4 exd4 28. Nf6 Rf8 29. Ne4+ Kc7 30. Qh6 Re8 31. Qg7+ Kb8 32. Nc5 Kc8 33. Ra8+ 1-0

[Event "TUR-ch Veterans 2020"]
[Site "Antalya-Belek"]
[Date "2020.01.23"]
[Round "7"]
[White "Atas, Remzi"]
[Black "Oney, Riza"]
[Result "0-1"]
[ECO "D13"]
[WhiteElo "1498"]
[BlackElo "1771"]
[Annotator "NA RC"]
[PlyCount "118"]
[EventDate "2020.01.19"]
[EventCountry "TUR"]
[SourceTitle "playchess.com"]
[Source "ChessBase"]
[SourceQuality "1"]
[TimeControl "5400+30"]

1. d4 d5 2. c4 c6 3. Nc3 Nf6 4. Nf3 Nbd7 5. cxd5 cxd5 6. Bf4 e6 7. e3 Bb4 8. Nd2 a6 9. Bd3 O-O 10. O-O Re8 11. Rc1 Nf8 12. a3 Bd6 13. Bxd6 Qxd6 14. f4 Bd7 15. Nf3 Rec8 16. Ne5 Be8 17. Qf3 Rc7 18. Ne2 Rac8 19. Rxc7 Rxc7 20. g4 N6d7 21. h4 Nb6 22. g5 Na4 23. b4 Nb2 24. Bb1 Bb5 25. Re1 Nc4 26. Nxc4 Bxc4 27. Ng3 a5 28. f5 axb4 29. axb4 Qxb4 30. Rd1 Qb3 31. Re1 Qc3 32. Qf2 Rc6 33. Ne2 Qd2 34. Ng3 Qxf2+ 35. Kxf2 Rb6 36. Kf3 Rb2 37. Kf4 exf5 38. Nxf5 Ng6+ 39. Kg3 Kf8 40. h5 Ne7 41. Nxe7 Kxe7 42. Bxh7 Re2 43. Rxe2 Bxe2 44. h6 gxh6 45. gxh6 Kf6 46. Bc2 b5 47. Kf4 Bc4 48. h7 Kg7 49. Ke5 Ba2 50. e4 dxe4 51. Kxe4 b4 52. d5 b3 53. h8=Q+ Kxh8 54. d6 bxc2 55. d7 c1=Q 56. d8=Q+ Kh7 57. Qh4+ Qh6 58. Qf2 Qe6+ 59. Kd4 Qb6+ 0-1

[Event "TUR-ch Veterans 2020"]
[Site "Antalya-Belek"]
[Date "2020.01.24"]
[Round "8"]
[White "Kocak, Sabri"]
[Black "Pekun, Cem"]
[Result "0-1"]
[ECO "B84"]
[WhiteElo "2086"]
[BlackElo "2061"]
[Annotator "NA RC"]
[PlyCount "64"]
[EventDate "2020.01.19"]
[EventCountry "TUR"]
[SourceTitle "playchess.com"]
[Source "ChessBase"]
[SourceQuality "1"]
[TimeControl "5400+30"]

1. e4 c5 2. Nf3 e6 3. d4 cxd4 4. Nxd4 a6 5. Nc3 Qc7 6. Be2 b5 7. f4 d6 8. Bf3 Bb7 9. O-O Nd7 10. Kh1 Ngf6 11. a3 Be7 12. Qe1 O-O 13. e5 Ne8 14. Ndxb5 $2 (14. Bxb7 $11 Qxb7 15. Nf3) 14... axb5 15. Nxb5 Qb6 16. Bxb7 Qxb7 17. c4 (17. Qe2 $142) 17... Rc8 18. Qe2 $19 d5 19. cxd5 Qxd5 20. Rd1 Qb7 21. b4 Nb6 22. Bb2 Nc4 23. Nd4 Nxb2 24. Qxb2 Nc7 25. f5 Nd5 26. fxe6 Ne3 27. Rdc1 Rxc1+ 28. Rxc1 Qd5 29. exf7+ Qxf7 30. Nf3 h6 31. Rc3 Nd1 32. e6 Qf6 0-1

[Event "TUR-ch Veterans 2020"]
[Site "Antalya-Belek"]
[Date "2020.01.24"]
[Round "8"]
[White "Tofan, Ibrahim"]
[Black "Karadag, Eflatun Cem"]
[Result "1-0"]
[ECO "C45"]
[WhiteElo "2082"]
[BlackElo "1801"]
[Annotator "NA RC"]
[PlyCount "65"]
[EventDate "2020.01.19"]
[EventCountry "TUR"]
[SourceTitle "playchess.com"]
[Source "ChessBase"]
[SourceQuality "1"]
[TimeControl "5400+30"]

1. e4 e5 2. Nf3 Nc6 3. d4 exd4 4. Nxd4 Bc5 5. Nf5 Qf6 6. Nc3 Nge7 7. Ne3 d6 8. Bd3 Ne5 {[%emt 0:02:30] C45: Scotch Game} 9. O-O Be6 (9... c6 10. Kh1 h5 11. f4 Ng4 12. Qf3 Qh4 13. h3 Ng6 {½-½ (13) Gasanov,E (2440)-Belikov,V (2488) Alushta 2001}) 10. f4 Nxd3 (10... Ng4 $5 11. Qe1 Nc6 $14) 11. cxd3 O-O ({Better is} 11... g6 $14) 12. Kh1 (12. f5 $142) 12... Bxe3 $146 ({Predecessor:} 12... c6 13. f5 Bd7 14. Ng4 Qh4 15. Rf4 Rad8 16. g3 {1-0 (38) Aslanhan,H (1273)-Kayaman,M (1912) Antalya 2008}) 13. Bxe3 Bd7 14. f5 d5 15. Bc5 c6 16. Qe2 Rfe8 17. Qf2 b6 18. Bd4 Qd6 19. e5 $2 (19. f6 $18) 19... Qc7 $2 {[%emt 0:01:30] [#]} (19... Qh6 $1 $14) 20. f6 $16 (20. e6 $1 $18 {[%cal Re6d7][%mdl 512] is the precise move to win.} fxe6 {[#]} 21. f6 $1 ) 20... Nf5 21. fxg7 Be6 22. Rac1 Qd7 23. Ne2 Nxd4 24. Qxd4 c5 25. Qf4 Qe7 26. Ng3 Kxg7 27. Nh5+ Kh8 28. Nf6 Rg8 29. Qh6 Rg7 30. Rce1 d4 31. Re4 Qb7 32. Rf3 c4 33. Rg3 1-0

[Event "TUR-ch Veterans 2020"]
[Site "Antalya-Belek"]
[Date "2020.01.24"]
[Round "8"]
[White "Buker, Muhittin"]
[Black "Onem, Cem"]
[Result "1/2-1/2"]
[ECO "E18"]
[WhiteElo "2008"]
[BlackElo "1805"]
[Annotator "NA RC"]
[PlyCount "93"]
[EventDate "2020.01.19"]
[EventCountry "TUR"]
[SourceTitle "playchess.com"]
[Source "ChessBase"]
[SourceQuality "1"]
[TimeControl "5400+30"]

1. d4 d5 2. Nf3 Nf6 3. c4 e6 4. g3 Be7 5. Bg2 O-O 6. O-O b6 7. Nc3 Bb7 8. Qa4 {[%emt 0:02:30] E18: Queen's Indian: Old Main Line (4 g3 Bb7 5 Bg2 Be7 6 0-0 0-0 7 Nc3)} dxc4 9. Qxc4 a6 (9... c5 10. Rd1 cxd4 11. Nxd4 Bxg2 12. Kxg2 Qc8 13. Qd3 Nc6 14. Nxc6 Qxc6+ 15. Qf3 {½-½ (45) So,W (2778)-Aronian,L (2764) Leuven 2018}) 10. Bf4 Bd6 11. Ne5 Bxg2 12. Kxg2 b5 13. Qb3 $146 ({Predecessor:} 13. Qd3 Qc8 14. Qf3 Ra7 {1-0 (50) Madebrink,L (2245)-Von Bromssen,G (2074) Tylosand 2012}) 13... Qc8 14. Rac1 Qb7+ 15. f3 Bxe5 16. dxe5 Nfd7 17. Ne4 h6 18. g4 Nb6 19. Rfd1 (19. Bxh6 $18 {is more deadly.} Qd5 20. Bf4 (20. Rxc7 Qxb3 21. axb3 Nd5 $15)) 19... Nd5 20. Bg3 Nd7 $16 21. Nc5 Nxc5 22. Rxc5 Rfd8 23. e4 Ne7 24. Rc3 Rac8 25. h4 Rxd1 26. Qxd1 c5 27. Rd3 Nc6 28. Kh3 c4 29. Rd6 b4 30. Be1 Nxe5 31. Bg3 Nc6 32. Rd7 Qb6 33. g5 hxg5 34. hxg5 g6 35. Qd2 Qc5 36. Bd6 Qa5 37. Qf4 Nd8 38. Bc7 Qb5 39. Rxd8+ Rxd8 40. Bxd8 c3 41. Qh2 Qd3 42. bxc3 Qxf3+ 43. Qg3 Qh1+ 44. Qh2 Qf3+ 45. Qg3 Qh1+ 46. Qh2 Qf3+ 47. Qg3 1/2-1/2

[Event "TUR-ch Veterans 2020"]
[Site "Antalya-Belek"]
[Date "2020.01.24"]
[Round "8"]
[White "Muratoglu, Salih"]
[Black "Bagci, Hikmet"]
[Result "1-0"]
[ECO "E52"]
[WhiteElo "1967"]
[BlackElo "1603"]
[Annotator "NA RC"]
[PlyCount "109"]
[EventDate "2020.01.19"]
[EventCountry "TUR"]
[SourceTitle "playchess.com"]
[Source "ChessBase"]
[SourceQuality "1"]
[TimeControl "5400+30"]

1. d4 e6 2. c4 b6 3. Nf3 Bb7 4. Nc3 Nf6 5. e3 Bb4 6. Bd2 O-O 7. Bd3 d5 8. a3 {[%emt 0:01:30] E52: Nimzo-Indian: Rubinstein: 4...0-0 5 Nf3 d5 6 Bd3 b6} (8. cxd5 exd5 9. O-O Re8 10. Rc1 Bf8 11. Ne5 c5 12. f4 Nc6 13. Nxd5 Qxd5 14. Bc4 Qxg2+ 15. Kxg2 Nxe5+ 16. Kg1 Nxc4 17. Rxc4 {0-1 (142) Bluebaum,M (2644)-Karjakin,S (2754) Moscow 2019}) 8... Bxc3 9. Bxc3 Nbd7 10. b4 dxc4 $146 ({Predecessor:} 10... c5 11. Rc1 Rc8 12. dxc5 bxc5 13. b5 dxc4 14. Bxc4 {1-0 (42) Lorincz,R (1710)-Vilagos,E (1569) Senta 2010}) 11. Bxc4 Bd5 12. Be2 c5 13. O-O Qe7 14. Rc1 Ne4 15. Be1 Rfc8 16. Ba6 Rc7 17. Nd2 Nb8 18. Bd3 Nxd2 19. Qxd2 cxd4 20. exd4 a5 21. f3 axb4 22. Bg3 Rc3 23. axb4 Rxc1 24. Rxc1 Nc6 25. b5 Nxd4 26. Qe3 Nb3 $11 27. Rc7 Qb4 28. Qxb6 Qd2 29. Bf1 h6 30. Be5 Qe1 31. Bc3 Qd1 32. Qe3 Qb1 33. b6 Na5 34. Qe5 Qg6 35. Bd3 Qf6 36. Qe1 Qf4 37. Be5 Qa4 38. Qc1 Qe8 39. Bb1 Qb8 40. Bd4 Nb3 41. Qc2 g6 42. Rxf7 Kxf7 43. Qxg6+ Ke7 44. Qg7+ Kd8 45. Be3 Qb7 46. Qf6+ Kd7 47. Bd3 Ra1+ 48. Kf2 Ra2+ 49. Kg3 Kc6 50. Qc3+ Kd6 51. Bf4+ Ke7 52. Qg7+ Kd8 53. Bc7+ Kc8 54. Qf8+ Kd7 55. Qf7+ 1-0

[Event "TUR-ch Veterans 2020"]
[Site "Antalya-Belek"]
[Date "2020.01.24"]
[Round "8"]
[White "Guner, Bulent"]
[Black "Tasan, Mehmet Askin"]
[Result "1-0"]
[ECO "E18"]
[WhiteElo "1964"]
[BlackElo "1877"]
[Annotator "NA RC"]
[PlyCount "43"]
[EventDate "2020.01.19"]
[EventCountry "TUR"]
[SourceTitle "playchess.com"]
[Source "ChessBase"]
[SourceQuality "1"]
[TimeControl "5400+30"]

1. d4 Nf6 2. Nf3 d5 3. c4 e6 4. Nc3 Be7 5. g3 O-O 6. Bg2 b6 7. O-O Bb7 8. cxd5 Nxd5 9. Re1 {[%emt 0:07:30] E18: Queen's Indian: Old Main Line (4 g3 Bb7 5 Bg2 Be7 6 0-0 0-0 7 Nc3)} Nxc3 10. bxc3 c5 11. Qd3 $146 ({Predecessor:} 11. e4 cxd4 12. cxd4 Nc6 13. Bb2 Na5 14. Qe2 Rc8 15. Ne5 Bb4 16. Red1 Qe7 17. Rac1 Rfd8 18. h4 h6 19. Qh5 Bd6 20. Ng4 Nc4 21. Ba1 {1-0 (52) Ju,W (2579)-Gunina,V (2525) Doha 2016}) 11... cxd4 $2 (11... Nc6 $11 {and Black is okay.}) 12. Ng5 $1 {[%emt 0:01:30] Discovered Attack} ({Inferior is} 12. cxd4 Nc6 $11) 12... Bxg5 13. Bxb7 Nd7 14. Bxa8 Bxc1 15. Raxc1 Qxa8 16. cxd4 Rd8 17. f3 h5 18. Red1 h4 19. Kg2 Ne5 20. Qe3 Ng4 21. Qg5 h3+ 22. Kg1 $18 ({Weaker is} 22. Kxh3 Nf2+ 23. Kg2 Nxd1 $16) 1-0

[Event "TUR-ch Veterans 2020"]
[Site "Antalya-Belek"]
[Date "2020.01.24"]
[Round "8"]
[White "Cicek, Cemil"]
[Black "Ozmen, Halil Nejat"]
[Result "1/2-1/2"]
[ECO "D02"]
[WhiteElo "1940"]
[BlackElo "1789"]
[Annotator "NA RC"]
[PlyCount "122"]
[EventDate "2020.01.19"]
[EventCountry "TUR"]
[SourceTitle "playchess.com"]
[Source "ChessBase"]
[SourceQuality "1"]
[TimeControl "5400+30"]

1. d4 d5 2. Nf3 Nf6 3. Bf4 Bf5 4. e3 e6 5. c3 Nbd7 6. Nbd2 {[%emt 0:00:30] D02: 1 d4 d5 2 Nf3 sidelines, including 2...Nf6 3 g3 and 2...Nf6 3 Bf4} (6. Qb3 Qc8 7. c4 c6 8. h3 Be7 9. Nc3 O-O 10. Rc1 a6 11. cxd5 exd5 12. g4 Be6 13. Ng5 b5 {0-1 (42) Mammadov,A (2404)-Filippov,A (2637) Nakhchivan 2012}) 6... h6 7. b4 $146 ({Predecessor:} 7. h3 Ne4 8. Nxe4 Bxe4 9. Nd2 Bg6 10. Be2 Be7 {1-0 (33) Doskocil,K (2188)-Berchtold,G (1934) Austria 2019}) 7... Bd6 8. Bg3 O-O 9. Be2 Ne4 10. Nxe4 Bxe4 11. O-O Bxg3 12. hxg3 b6 13. b5 Qe7 14. Nd2 Bg6 15. f4 (15. c4 $11) 15... Nf6 16. Qb3 Ne4 17. Nxe4 Bxe4 18. a4 Qd6 19. Rac1 c5 20. bxc6 Qxc6 21. Ba6 Rad8 22. Rf2 Qd6 23. Qb4 Qb8 24. c4 Bd3 25. Rc3 dxc4 26. Bxc4 Bxc4 27. Rxc4 Rc8 28. Rfc2 Qb7 29. Kf2 Rxc4 30. Qxc4 Qe4 31. Qc6 Qd3 32. Qc4 Qf5 33. Rd2 Qa5 34. Ke2 Rd8 35. e4 Qh5+ 36. Kf2 $11 Qa5 37. Rc2 g5 38. Kf3 gxf4 39. gxf4 Qh5+ 40. Ke3 Qd1 41. Rd2 Qe1+ 42. Re2 Qg3+ 43. Kd2 Qxf4+ 44. Ke1 Kh7 45. Qc3 Rg8 46. d5 Rg3 47. Qc2 Qe5 48. Kf2 Rc3 49. Qd2 Qg3+ 50. Kg1 Rd3 51. Qc2 Kg7 52. dxe6 fxe6 53. Rf2 Qd6 54. Rf1 Rd2 55. Qb3 Rd3 56. Qa2 Qd4+ 57. Kh1 Qxe4 58. Qf2 Rd7 59. Qf8+ Kh7 60. Rf7+ Rxf7 61. Qxf7+ Kh8 1/2-1/2

[Event "TUR-ch Veterans 2020"]
[Site "Antalya-Belek"]
[Date "2020.01.24"]
[Round "8"]
[White "Yasin, Hur"]
[Black "Yavic, Adnan"]
[Result "1-0"]
[ECO "D00"]
[WhiteElo "1936"]
[BlackElo "1590"]
[Annotator "NA RC"]
[PlyCount "83"]
[EventDate "2020.01.19"]
[EventCountry "TUR"]
[SourceTitle "playchess.com"]
[Source "ChessBase"]
[SourceQuality "1"]
[TimeControl "5400+30"]

1. d4 Nf6 2. Nc3 d5 3. Bf4 e6 4. Nb5 Bb4+ (4... Na6 5. e3 Be7 6. Nf3 O-O 7. Bd3 c6 8. Nc3 Nb4 9. h3 Nxd3+ 10. cxd3 b6 11. O-O Bb7 {0-1 (40) Rapport,R (2731)-Giri,A (2783) Wijk aan Zee 2019}) 5. c3 Ba5 6. Qa4 {[%emt 0:10:30] D00: 1 d4 d5: Unusual lines} Nc6 7. b4 $146 (7. e3 $15) ({Predecessor:} 7. Qc2 a6 8. Na3 Nxd4 9. Qa4+ Nc6 10. b4 Bb6 11. b5 Ne7 {1-0 (36) Kruszynski,K-Strzelczyk,A Wroclaw 2007}) 7... Bb6 8. e3 Bd7 9. Qb3 O-O 10. Na3 Ne7 11. Nf3 Ng6 12. Bg3 c6 13. Nc2 a5 14. a4 Ne4 15. Bd3 f5 16. Ne5 Nxe5 17. Bxe5 Qh4 18. g3 Qh5 19. Be2 Qe8 20. h4 Qc8 21. f3 $14 Nf6 22. Kf2 Bc7 23. Rhb1 b6 24. c4 Bxe5 25. dxe5 dxc4 26. Bxc4 Nd5 27. bxa5 bxa5 28. Nd4 Qc7 29. f4 Rab8 30. Qc2 Rxb1 31. Rxb1 c5 32. Bxd5 exd5 33. e6 Bc8 34. Rb5 c4 35. Rxd5 Bb7 36. Rxf5 g6 37. Rxf8+ Kxf8 38. h5 Ba8 39. hxg6 Qb7 40. Qf5+ Kg8 41. Qf7+ Qxf7 42. exf7+ 1-0

[Event "TUR-ch Veterans 2020"]
[Site "Antalya-Belek"]
[Date "2020.01.24"]
[Round "8"]
[White "Tozaki, Halil"]
[Black "Yuksel, Mustafa"]
[Result "1/2-1/2"]
[ECO "E14"]
[WhiteElo "1880"]
[BlackElo "2004"]
[Annotator "NA RC"]
[PlyCount "84"]
[EventDate "2020.01.19"]
[EventCountry "TUR"]
[SourceTitle "playchess.com"]
[Source "ChessBase"]
[SourceQuality "1"]
[TimeControl "5400+30"]

1. d4 Nf6 2. Nf3 e6 3. c4 Bb4+ 4. Nbd2 b6 5. a3 Bxd2+ 6. Qxd2 Bb7 7. e3 O-O 8. Bd3 d6 9. b4 Nbd7 10. Bb2 Qe7 {[%emt 0:05:30] E14: Queen's Indian: Classical Variation (4 e3)} (10... Ne4 11. Qc2 f5 12. Rc1 Ng5 13. d5 Nxf3+ 14. gxf3 Ne5 15. f4 Nf3+ 16. Kd1 exd5 17. Bxf5 Rxf5 18. Qxf5 {1-0 (33) Aloma Vidal,R (2389)-Sutovsky,E (2684) Caleta 2013}) 11. Qe2 Ne4 12. O-O f5 13. Nd2 Nxd2 14. Qxd2 {[%emt 0:00:30] [#]} Rae8 $146 ({Predecessor:} 14... c5 15. dxc5 dxc5 16. b5 Rad8 17. Rad1 Nf6 18. Qc3 Rd6 19. f3 Rfd8 20. Bc2 Rxd1 21. Rxd1 Rxd1+ 22. Bxd1 {½-½ (35) Muse,D (2370)-Hulak,K (2510) Sibenik 2010}) 15. f3 Qg5 16. Rad1 Nf6 17. Qe2 Qh5 18. Qf2 Nd7 19. Rc1 c5 20. f4 (20. dxc5 $16 bxc5 21. Bc2) 20... Nf6 $11 21. Qg3 Qh6 22. Rcd1 Be4 23. Be2 Bc2 24. Rc1 Be4 25. Bf3 Rc8 26. dxc5 bxc5 27. b5 Kf7 28. Rfd1 Rfd8 29. a4 Qg6 30. Rd2 Qxg3 31. hxg3 Rd7 32. a5 Ba8 33. Bxf6 Kxf6 34. Rcd1 Ke7 35. Kf2 g6 36. Rh1 h5 37. Rb1 d5 38. Rbd1 Rcd8 39. Ke2 Bb7 40. Rd3 Ba8 41. R3d2 Bb7 42. a6 Ba8 1/2-1/2